 Dungeon Crawl Stone Soup version 0.28.0-45-g0d030f2227 (webtiles) character file.

Game seed: 13079997508755567613

252 Descartes the Shield-Bearer (level 6, -2/48 HPs)
             Began as a Formicid Fighter on Apr 18, 2022.
             Slain by an ogre
             ... wielding a +0 giant spiked club
              (13 damage)
             ... on level 4 of the Dungeon.
             The game lasted 00:05:40 (3378 turns).

Descartes the Shield-Bearer (Formicid Fighter)      Turns: 3378, Time: 00:05:41

Health: -2/48      AC: 13    Str: 20    XL:     6   Next: 36%
Magic:  8/8        EV:  6    Int: 10    God:
Gold:   158        SH:  4    Dex: 10    Spells: 8/8 levels left

rFire   + . .      SeeInvis +   a - +0 war axe
rCold   . . .      Faith    .   c - +0 buckler
rNeg    . . .      Spirit   .   b - +0 scale mail
rPois   .          Reflect  .   (helmet unavailable)
rElec   .          Harm     .   t - +0 cloak
rCorr   .          Rampage  .   (no gloves)
Will    .....                   g - +0 pair of boots
Stlth   ..........              (no amulet)
HPRegen 0.16/turn               k - ring of protection from fire
MPRegen 0.11/turn               q - +4 ring of protection

@: constricted
A: permanent stasis, dig shafts and tunnels, antennae 3, four strong arms
a: Dig, Shaft Self


You were on level 4 of the Dungeon.
You visited 1 branch of the dungeon, and saw 4 of its levels.

You collected 158 gold pieces.

Inventory:

Hand Weapons
 a - a +0 war axe (weapon)
 h - a +0 morningstar of holy wrath
 r - a +2 mace of holy wrath
 s - a +2 quarterstaff of chaos
Missiles
 l - 2 boomerangs
 p - 42 stones
 y - 2 poisoned darts
Armour
 b - a +0 scale mail (worn)
 c - a +0 buckler (worn)
 g - a +0 pair of boots (worn)
 t - a +0 cloak (worn)
Jewellery
 k - a ring of protection from fire (left hand)
 q - a +4 ring of protection (right hand)
 v - an amulet of guardian spirit
Scrolls
 f - a scroll of teleportation {unknown}
 j - a scroll of immolation {unknown}
 m - a scroll of magic mapping {unknown}
 n - a scroll of blinking {unknown}
 u - a scroll of enchant armour {unknown}
 x - a scroll of enchant weapon {unknown}
 z - a scroll of silence {unknown}
Potions
 d - a potion of might
 e - a potion of berserk rage {unknown}
 i - a potion of lignification {unknown}
 o - a potion of curing {unknown}
 w - a potion of cancellation {unknown}


   Skills:
 + Level 4.0 Fighting
 + Level 2.8 Axes
 + Level 3.9 Armour
 + Level 4.3 Shields
 + Level 1.6 Spellcasting
 + Level 1.6 Translocations
 + Level 2.1 Transmutations
 + Level 2.1 Earth Magic


You had 8 spell levels left.
You didn't know any spells.
Your spell library was empty.

Dungeon Overview and Level Annotations

Branches:
Dungeon (4/15)
 Temple: D:4-7

Altars:
Qazlal
Vehumet

Annotations:
D:3 1 runed translucent door, Tali's ghost, amateur DsBe


Innate Abilities, Weirdness & Mutations

You cannot be hasted, slowed, berserked, paralysed or teleported.
You can dig through walls and to a lower floor.
You have a pair of large antennae on your head. (SInv)
Your four strong arms can wield two-handed weapons with a shield.


Message History

The ogre hits you with a +0 giant spiked club!
The ball python bites you but does no damage.
The ball python constricts you.
You closely miss the ball python. You barely miss the ogre.
The ogre hits you but does no damage. You block the ball python's attack.
The ball python constricts you.
The ball python bites you but does no damage.
The ball python constricts you.
The ogre hits you with a +0 giant spiked club!!
You are too injured to fight recklessly!
You are too injured to fight recklessly!
You are too injured to fight recklessly!
You are too injured to fight recklessly!
You are too injured to fight recklessly!
You are too injured to fight recklessly!
You are too injured to fight recklessly!
You are too injured to fight recklessly!
You are too injured to fight recklessly!
You are too injured to fight recklessly!
You are too injured to fight recklessly!
You are too injured to fight recklessly!
You are too injured to fight recklessly!
You escape the ball python's grasp.
You hit the ball python but do no damage.
The ball python bites you but does no damage.
You block the ball python's attack. The ball python closely misses you.
The ball python grabs you. The ball python constricts you.
You escape the ball python's grasp.
You hit the ogre.
The ogre is lightly wounded.
The ogre hits you with a +0 giant spiked club!
* * * LOW HITPOINT WARNING * * *
The ball python barely misses you. The ball python grabs you.
The ball python constricts you.
The ball python's grasp on you weakens, but your attempt to escape fails.
The ball python bites you but does no damage.
The ball python constricts you.
The ogre hits you with a +0 giant spiked club!
You die...

.... ....... ...
##....... #
#?###........
.#(##............
.................
#.....(.......?..
.........##>.....
##+###SO.##.>...
#.@..# ##..
#..### . +....##
#.....# #.#...##
###+###...#..#
.............#
...........##
...........#


You could see an ogre and a ball python.

Vanquished Creatures
  A black bear (D:4)
  Crazy Yiuf (D:2)
  A bullfrog skeleton (D:3)
  2 adders (D:2)
  2 dart slugs
  A worm (D:3)
  15 orcs
  4 bats
  5 endoplasms
  A giant cockroach (D:2)
  5 goblins
  5 hobgoblins
  7 jackals
  3 quokkas
  6 ball pythons
  4 frilled lizards
  2 kobolds (D:3)
  3 rats
68 creatures vanquished.

Vanquished Creatures (others)
  A bat (D:3)
  2 withered plants (D:3)
3 creatures vanquished.

Grand Total: 71 creatures vanquished

Notes
Turn   | Place    | Note
-------+----------+-------------------------------------------
     0 | D:1      | Descartes the Formicid Fighter began the quest for the Orb.
     0 | D:1      | Reached XP level 1. HP: 18/18 MP: 1/1
   407 | D:1      | You fall into a shaft and drop 1 floor!
   422 | D:2      | Reached XP level 2. HP: 21/24 MP: 2/2
   579 | D:2      | Reached XP level 3. HP: 18/29 MP: 3/3
   817 | D:2      | Reached skill level 1 in Earth Magic
   852 | D:2      | Reached skill level 1 in Transmutations
  1141 | D:2      | Reached skill level 1 in Translocations
  1280 | D:2      | Reached XP level 4. HP: 27/35 MP: 5/5
  1385 | D:2      | Found a runed translucent door.
  1391 | D:2      | Noticed Crazy Yiuf
  1399 | D:2      | Killed Crazy Yiuf
  1400 | D:2      | Reached skill level 1 in Spellcasting
  2202 | D:3      | Found a stormy altar of Qazlal.
  2273 | D:3      | Reached XP level 5. HP: 42/42 MP: 6/6
  2412 | D:3      | Found a radiant altar of Vehumet.
  2434 | D:3      | Found a runed translucent door.
  2434 | D:3      | Noticed Tali's ghost (amateur DsBe)
  3047 | D:4      | Noticed a black bear
  3061 | D:4      | HP: 1/42 [black bear (2)]
  3062 | D:4      | Killed a black bear
  3063 | D:4      | Reached XP level 6. HP: 2/48 MP: 6/8
  3368 | D:4      | Noticed an ogre
  3378 | D:4      | Slain by an ogre

Illustrated notes

Levels and vault maps discovered:
D:1:      heliophobic_arrival_battle_scene, layout_loops_ring
D:2:      layout_basic, minmay_tetromino_o2, uniq_crazy_yiuf_cottage
D:3:      layout_basic, nicolae_qazlal_eye_of_the_storm,
          mainiacjoe_overflow_catwalk, gammafunk_ghost_grave, amethyst_killhole
D:4:      layout_cave_pools, lemuel_doored_altar

Skill      XL: |  1  2  3  4  5 |
---------------+----------------+-----
Earth Magic    | 1 2 |  2.1
Transmutations | 1 2 |  2.1
Translocations | 1 |  1.6
Shields        | 4 |  4.3
Spellcasting   | 1 |  1.6
Fighting       | 4 |  4.0
Axes           | |  2.8
Armour         | |  3.9

Action                   |  1- 3 |  4- 6 || total
-------------------------+-------+-------++-------
Melee: War axe           |    74 |   125 ||   199
Armor: Scale mail        |    55 |    97 ||   152
Dodge: Dodged            |    47 |    70 ||   117
Block: Buckler           |    26 |    36 ||    62
